 Dungeon Crawl Stone Soup version 0.31-a0-1327-g8c40ea976f (webtiles) character file.

Game seed: 12876732571783668739

30 GreatBamboolord the Grasshopper (level 3, -3/29 HPs)
             Began as an Armataur Warper on Dec 21, 2023.
             Succumbed to a goblin's poison
             ... on level 2 of the Dungeon.
             The game lasted 00:02:18 (851 turns).

GreatBamboolord the Grasshopper (Armataur Warper)    Turns: 851, Time: 00:02:19

Health: -3/29      AC:  4    Str: 16    XL:     3   Next: 5%
Magic:  4/6        EV:  9    Int: 15    God:
Gold:   84         SH:  0    Dex:  9    Spells: 2/6 levels left

rFire   . . .        a - +0 mace
rCold   . . .        (no shield)
rNeg    . . .        b - +0 leather armour
rPois   .            (no helmet)
rElec   .            (no cloak)
rCorr   .            (no gloves)
SInv    .            (no barding)
Will    .....        (no amulet)
Stlth   +            (no ring)
HPRegen 0.24/turn    (no ring)
MPRegen 0.10/turn

%: roll
@: brilliant, lethally poisoned (-3 -> -24), on blink cooldown
A: large, deformed body, tough skin 3, armoured tail, roll 1
a: no special abilities


You were on level 2 of the Dungeon.
You visited 1 branch of the dungeon, and saw 2 of its levels.

You collected 84 gold pieces.

Inventory:

Hand Weapons
 a - a +0 mace (weapon)
Missiles
 d - 7 darts of dispersal
Armour
 b - a +0 leather armour (worn)
Scrolls
 c - a scroll of blinking
 e - a scroll of summoning {unknown}
 f - a scroll of poison {unknown}
 h - 2 scrolls of identify {unknown}
 i - a scroll of amnesia {unknown}
 j - a scroll of enchant weapon {unknown}
 k - a scroll of teleportation {unknown}


   Skills:
 * Level 2.1 Fighting
 * Level 2.0 Maces & Flails
 - Level 0.8 Throwing
 * Level 2.0 Armour
 + Level 1.5 Dodging
 * Level 2.1 Spellcasting
 + Level 3.1 Translocations


You had 2 spell levels left.
You knew the following spells:

 Your Spells              Type           Power      Damage    Failure   Level
a - Blink                 Tloc           32%        N/A       11%         2
b - Lesser Beckoning      Tloc           32%        N/A       11%         2

Your spell library contained the following spells:

 Spells                   Type           Power      Damage    Failure   Level
 Summon Small Mammal      Summ           8%         N/A       26%         1
 Teleport Other           Tloc           16%        N/A       22%         3
 Manifold Assault         Tloc           16%        N/A       58%         4
 Call Canine Familiar     Summ           2%         N/A       63%         3
 Summon Guardian Golem    Hex/Summ       2%         N/A       63%         3
 Vhi's Electric Charge    Tloc/Air       18%        N/A       80%         4


Dungeon Overview and Level Annotations

Branches:
Dungeon (2/15)

Altars:


Innate Abilities, Weirdness & Mutations

Armour fits poorly on your strangely shaped body.
You have extremely tough skin. (AC +3)
You have a long armoured tail.
You regenerate magic when rolling toward enemies. (Rampage MPRegen)


Message History

Found a chain mail.
A goblin comes into view. It is wielding a +0 dagger.
The goblin shouts!
A goblin is nearby!
The goblin closely misses you.
You barely miss the goblin. The goblin barely misses you.
The goblin hits you but does no damage.
You thump the goblin!
You kill the goblin!
No target in view!
Things that are here:
a +0 dagger; a goblin corpse A goblin comes into view.
It is wielding a +2 dagger of venom.
Found an escape hatch in the floor.
The goblin hits you with a +2 dagger of venom.
You are poisoned.
A goblin is nearby!
A goblin is nearby!
You hit the goblin but do no damage.
You feel very sick. The goblin hits you but does no damage.
You are more poisoned.
You closely miss the goblin.
You feel very sick. The goblin hits you but does no damage.
You are more poisoned.
The goblin hits you with a +2 dagger of venom.
You are lethally poisoned!
You closely miss the goblin.
You feel extremely sick.
The goblin hits you with a +2 dagger of venom.
* * * LOW HITPOINT WARNING * * *
You are more poisoned.
Cast which spell? (? or * to list)
You blink.
* * * LOW HITPOINT WARNING * * *
You feel very sick.
It was a potion of brilliance.
You feel clever all of a sudden.
You die...

##. .. .# ###
####.# #.[
###..g.# #.#
..##...#..# #.#
##.##....#.##
#.#
#..#....##.#
#[#
#.##)..##.@#
#.##
##.#...##..##
...#
#..#.###..#
...###..#.....#
....##.....####
##..##.#####
#..##.#####..
#.........[.#
##.########..


You could see a goblin.

Vanquished Creatures
  2 dart slugs (D:1)
  An endoplasm (D:1)
  A giant cockroach (D:1)
  A goblin (D:2)
  3 hobgoblins (D:1)
  3 jackals (D:1)
  3 kobolds (D:1)
  2 quokkas (D:1)
  2 ball pythons (D:1)
  A bat (D:1)
  2 frilled lizards (D:1)
  4 rats
25 creatures vanquished.

Notes
Turn   | Place    | Note
-------+----------+-------------------------------------------
     0 | D:1      | GreatBamboolord the Armataur Warper began the quest for the
                  | Orb.
     0 | D:1      | Reached XP level 1. HP: 17/17 MP: 3/3
   194 | D:1      | Reached XP level 2. HP: 19/24 MP: 4/4
   214 | D:1      | Learned a level 2 spell: Blink
   217 | D:1      | Learned a level 2 spell: Lesser Beckoning
   733 | D:1      | Reached XP level 3. HP: 27/29 MP: 6/6
   851 | D:2      | Succumbed to a goblin's poison

Illustrated notes

Levels and vault maps discovered:
D:1:      dpeg_arrival_rooms_with_view, layout_basic
D:2:      minmay_evil_eye, layout_loops_ring, dk_noncrumbling_4,
          uniq_crazy_yiuf_cottage, uniq_sigmund

Skill      XL: |  1  2  3 |
---------------+----------+-----
Fighting       | 2 |  2.1
Maces & Flails | 2 |  2.0
Spellcasting   | 2 |  2.1
Armour         | 2 |  2.0
Throwing       | |  0.8
Dodging        | |  1.5
Translocations | |  3.1

Action                     || total
---------------------------++-------
  Melee: Mace              ||    63
         Tailslap          ||     7
         Punch             ||     1
   Cast: Blink             ||     1
    Use: Potion            ||     1
 Armour: Leather armour    ||    56
  Dodge: Dodged            ||    28

Table legend: (Time is in decaauts)
 A = Elapsed time spent in this place.
 B = Non-inter-level travel time spent in this place.
 C = Inter-level travel time spent in this place.
 D = Time resting spent in this place.
 E = Time spent auto-exploring this place.
 F = Levels seen in this place.
 G = Mean time per level.
                   A        B        C        D        E       F      G
               +--------+--------+--------+--------+--------+-----+--------+
         Total |    869 |    858 |     11 |      0 |    662 |   2 |  434.5 |
       Dungeon |    869 |    858 |     11 |      0 |    662 |   2 |  434.5 |
               +--------+--------+--------+--------+--------+-----+--------+

Top non-repeatable levels by time:
     D:1: 809 daAuts
     D:2: 60 daAuts
